AoeStats
← gnitaek

Nomad

504082272Analyzed
2v2 RM · 29d ago on Sep 3, 2026· 43m 27s· 4 players
Game mode
Random Map
Map size
176×176
Population
200
Speed
Normal
Resources
Standard
Victory
Conquest
Starting age
Dark Age
Ending age
Imperial Age
RankedLock teamsTeams togetherTeam positionsShared explorationLock speedFull tech treeHidden civsTurbo modeCheats
Victory
Defeat
🇮🇪 Koreans · Ireland
1309
+12
🇮🇪 Persians · Ireland
1237
+15
🇧🇷 Persians · Brazil
1234
-14
🇨🇴 Italians · Colombia
1201
-13
cleiton-h-enz
3:23 Loom
13:50 Feudal Age
14:49 Double-Bit Axe
21:24 Castle Age
20:52 Fletching
22:19 Medium Warships
22:07 Bodkin Arrow
25:27 Fishing Lines
32:38 Scale Barding Armor
34:41 Horse Collar
40:47 Imperial Age
molina_229
4:24 Loom
14:39 Feudal Age
18:58 Castle Age
17:08 Double-Bit Axe
21:59 Bow Saw
22:16 Padded Archer Armor
23:00 Fletching
32:01 Bodkin Arrow
36:26 Imperial Age
34:58 Leather Archer Armor
36:00 Scale Barding Armor
36:55 Ballistics
38:03 Bracer
40:54 Hoardings
43:41 Chemistry
Runtime
3:31 Loom
13:30 Feudal Age
20:55 Castle Age
21:13 Crossbowman
22:09 Thumb Ring
22:59 Fletching
30:00 Bodkin Arrow
33:28 Double-Bit Axe
41:10 Imperial Age
39:48 Ballistics
39:03 Elite Skirmisher
41:32 Wheelbarrow
43:05 Arbalester
gnitaek
5:30 Loom
12:42 Feudal Age
14:14 Double-Bit Axe
14:46 Forging
15:52 Wheelbarrow
20:14 Castle Age
19:23 Scale Barding Armor
20:23 Bloodlines
21:15 Bow Saw
22:36 Horse Collar
25:12 Hand Cart
26:23 Medium Warships
30:31 Husbandry
33:49 Imperial Age
32:43 Chain Barding Armor
34:08 Iron Casting
33:51 Fletching
35:05 Town Watch
35:53 Heavy Scorpion
40:42 Conscription
42:09 Citadels
42:59 Ballistics
43:39 Chemistry
42:50 Masonry
42:52 Cavalier
44:32 Plate Barding Armor
44:57 Blast Furnace
Connection lost

Rejoining the realm…

Still unreachable

The connection could not be restored.

Session expired

The server has moved on; the page needs a fresh start.